 Dungeon Crawl Stone Soup version 0.22-a0-292-g0df9d5f48d (webtiles) character file.

3538 DeepElfCasterrace the Destroyer (level 9, -6/45 HPs)
             Began as a Deep Elf Wizard on Mar 23, 2018.
             Was a Priest of Sif Muna.
             Mangled by a killer bee (8 damage)
             ... on level 8 of the Dungeon.
             The game lasted 00:17:26 (8454 turns).

DeepElfCasterrace the Destroyer (Deep Elf Wizard)   Turns: 8454, Time: 00:17:27

Health: -6/45      AC:  4    Str:  4    XL:     9   Next: 82%
Magic:  9/25       EV: 13    Int: 27    God:    Sif Muna [***...]
Gold:   336        SH:  0    Dex: 13    Spells: 19/28 levels left

rFire    . . .     SeeInvis .   f - +2 dagger (venom)
rCold    . . .     Gourm    .   (no shield)
rNeg     . . .     Faith    .   a - +0 robe
rPois    .         Spirit   .   b - +0 hat
rElec    .         Reflect  .   o - +0 cloak
rCorr    .         Harm     .   r - +0 pair of gloves
MR       .....                  (no boots)
Stlth    ++........             m - amulet of regeneration
HPRegen  0.55/turn              (no ring)
MPRegen  0.19/turn              (no ring)

@: lethally poisoned (-6 -> -7)
A: no striking features
a: Divine Energy, Channel Magic, Renounce Religion


You were on level 8 of the Dungeon.
You worshipped Sif Muna.
Sif Muna was most pleased with you.
You were hungry.

You visited 2 branches of the dungeon, and saw 9 of its levels.

You collected 336 gold pieces.

Inventory:

Hand Weapons
 f - a +2 dagger of venom (weapon)
Armour
 a - a +0 robe (worn)
 b - a +0 hat (worn)
 o - a +0 cloak (worn)
 r - a +0 pair of gloves (worn)
 u - a +0 buckler
Magical Staves
 z - an uncursed staff of fire
Jewellery
 m - an amulet of regeneration (around neck)
Wands
 A - a wand of acid (5)
Scrolls
 c - 2 scrolls of immolation {unknown}
 g - 8 scrolls of identify {unknown}
 j - a scroll of blinking {unknown}
 k - 2 scrolls of enchant weapon {unknown}
 l - 3 scrolls of enchant armour {unknown}
 s - a scroll of random uselessness {unknown}
 v - a scroll of summoning {unknown}
 y - 3 scrolls of amnesia {unknown}
 B - a scroll of noise {unknown}
 C - a scroll of fear {unknown}
Potions
 e - 3 potions of mutation {unknown}
 h - 6 potions of might
 i - a potion of haste {unknown}
 n - 2 potions of lignification {unknown}
 p - 2 potions of flight {unknown}
 q - 4 potions of curing {unknown}
 t - a potion of ambrosia {unknown}
 x - 3 potions of heal wounds {unknown}
Comestibles
 d - 14 rations
 w - 5 chunks of flesh


   Skills:
 - Level 2.4 Dodging
 - Level 2.4 Stealth
 + Level 10.1 Spellcasting
 * Level 10.8 Conjurations
   Level 1.1 Summonings
 - Level 3.0 Translocations
 - Level 3.1 Air Magic
 + Level 5.9 Invocations


You had 19 spell levels left.
You knew the following spells:

 Your Spells              Type           Power        Failure   Level  Hunger
a - Magic Dart            Conj           ####         1%          1    None
b - Mephitic Cloud        Conj/Pois/Air  #####...     1%          3    None
c - Conjure Flame         Conj/Fire      #####...     1%          3    None
r - Blink                 Tloc           N/A          1%          2    None


Dungeon Overview and Level Annotations

Branches:
Dungeon (8/15)             Temple (1/1) D:5
   Lair: D:8-11

Altars:
Ashenzari
Cheibriados
Dithmenos
Hepliaklqana
Qazlal
Ru
Sif Muna
Wu Jian
Xom
Yredelemnul
The Shining One

Shops:
D:4 (

Annotations:
D:7 1 runed door, exclusion: downstairs


Message History

You feel sick. The killer bee stings you.
You feel sick. The killer bee stings you!
You feel sick. The killer bee stings you.
* * * LOW HITPOINT WARNING * * *
A crimson imp comes into view.
You see here a sky beast corpse.
You feel sick.
Casting: Magic Dart (safe; 1% risk of failure)
Confirm with . or Enter, or press ? or * to list all spells.
You blink.
You feel sick.
Casting: Blink (safe; 1% risk of failure)
Confirm with . or Enter, or press ? or * to list all spells.
You blink.
You are feeling hungry.
You feel sick. The killer bee misses you. The killer bee stings you.
* * * LOW HITPOINT WARNING * * *
The killer bee stings you.
* * * LOW HITPOINT WARNING * * *
The killer bee stings you!
You die...

# #....## #### ..#.....#
... ....#...###
######.####.......######.
...............<.........
#.....÷....#####.#.####
#.#.#.#.#..# #...§..#
#..........######y..##...#
...#.#.#.#.5..y@yy..# #.#
.#.........######...# #
...#.#.#.#.# #...#
............. #...#
#..#.#.#.#.### #####
.........# #........#
#######... ####


You could see 4 killer bees and a crimson imp.

Vanquished Creatures
  A two-headed ogre (D:8)
  A hippogriff (D:7)
  Sigmund (D:2)
  Menkaure (D:7)
  Duvessa (D:7)
  A water moccasin (D:8)
  A sky beast (D:8)
  4 orc warriors
  2 ice beasts (D:7)
  A black bear (D:7)
  2 ogres
  A phantom (D:6)
  2 centaurs
  A bullfrog (D:6)
  A scorpion (D:7)
  Dowan (D:7)
  A killer bee (D:7)
  2 howler monkeys (D:7)
  2 crimson imps
  2 centaur zombies (D:8)
  A bullfrog zombie (D:5)
  3 orc priests
  4 hounds
  6 orc wizards
  3 iguanas
  6 worker ants
  A killer bee zombie (D:6)
  2 worker ant zombies
  5 adders
  A shadow imp (D:2)
  An ooze (D:3)
  An adder skeleton (D:6)
  3 dart slugs (D:1)
  6 leopard geckos
  26 orcs
  4 giant cockroaches
  9 goblins
  9 hobgoblins
  4 jackals (D:3)
  6 kobolds
  A quokka (D:2)
  2 ball pythons
  8 bats
  2 frilled lizards (D:1)
  A jackal zombie (D:7)
  A leopard gecko skeleton (D:5)
  A leopard gecko zombie (D:6)
  A quokka skeleton (D:5)
  2 rats (D:1)
149 creatures vanquished.

Notes
Turn   | Place    | Note
-------+----------+-------------------------------------------
     0 | D:1      | DeepElfCasterrace the Deep Elf Wizard began the quest for the Orb.
     0 | D:1      | Reached XP level 1. HP: 10/10 MP: 7/7
   247 | D:1      | Reached XP level 2. HP: 15/15 MP: 6/9
   760 | D:1      | Reached XP level 3. HP: 19/19 MP: 8/11
   786 | D:1      | Learned a level 3 spell: Mephitic Cloud
   790 | D:1      | Learned a level 3 spell: Conjure Flame
   793 | D:1      | Learned a level 2 spell: Blink
   818 | D:2      | Reached skill level 5 in Spellcasting
  1108 | D:2      | Noticed Sigmund
  1248 | D:2      | Killed Sigmund
  1248 | D:2      | Reached skill level 1 in Air Magic
  1248 | D:2      | Reached XP level 4. HP: 24/24 MP: 2/13
  1248 | D:2      | Reached XP level 5. HP: 28/28 MP: 2/15
  2195 | D:3      | Reached XP level 6. HP: 32/32 MP: 11/17
  2247 | D:3      | Reached skill level 5 in Conjurations
  3053 | D:4      | Found Ituceo's Antique Weapon Shop.
  3154 | D:4      | Found a stormy altar of Qazlal.
  3311 | D:5      | Entered Level 5 of the Dungeon
  3325 | D:5      | Found a staircase to the Ecumenical Temple.
  3443 | Temple   | Entered the Ecumenical Temple
  3484 | Temple   | Became a worshipper of Sif Muna the Loreminder
  3925 | D:5      | Reached XP level 7. HP: 12/36 MP: 3/18
  4085 | D:5      | Found an ornate altar of the Wu Jian Council.
  4373 | D:6      | Reached * piety under Sif Muna
  4858 | D:6      | Reached skill level 1 in Invocations
  4910 | D:6      | Found a shimmering altar of Xom.
  4934 | D:6      | Reached XP level 8. HP: 41/41 MP: 8/21
  5750 | D:7      | Reached ** piety under Sif Muna
  6279 | D:7      | Noticed a hippogriff
  6360 | D:7      | Noticed Duvessa
  6360 | D:7      | Noticed Dowan
  6625 | D:7      | Found a runed door.
  6714 | D:7      | Killed a hippogriff
  6714 | D:7      | Reached XP level 9. HP: 40/45 MP: 13/23
  7255 | D:7      | Noticed Menkaure
  7273 | D:7      | Killed Menkaure
  7540 | D:7      | Killed Dowan
  7540 | D:7      | Reached *** piety under Sif Muna
  7707 | D:7      | Killed Duvessa
  7926 | D:7      | Reached skill level 5 in Invocations
  8090 | D:8      | Noticed a two-headed ogre
  8092 | D:8      | Reached skill level 10 in Conjurations
  8104 | D:8      | Killed a two-headed ogre
  8105 | D:8      | Noticed a two-headed ogre
  8336 | D:8      | Reached skill level 10 in Spellcasting
  8454 | D:8      | HP: 2/45 [killer bee (5)]
  8454 | D:8      | Mangled by a killer bee

Vault maps used:
D:1:      lightli_arrival_chessboard
D:2:      uniq_sigmund
D:3:      first_ration, minmay_misc_feat_iff
D:4:      nicolae_overflow_hidden_temple, serial_shops, shop
D:5:      lemuel_round_altar, temple_fountains, minivault_24,
          serial_bayou_lake_a
D:6:      lemuel_doored_altar
D:7:      uniq_duvessa, uniq_crazy_yiuf_cottage, uniq_menkaure
D:8:      minitemple, basic_altar, serial_glass, glass_columns_c,
          glass_columns_c, uniq_erica
Temple:   regret_index_temple_sphere_string

Skill      XL: |  1  2  3  4  5  6  7  8  9 |
---------------+----------------------------+-----
Conjurations   | 2 4 6 7 9 10 | 10.8
Spellcasting   | 5 6 7 8 10 | 10.1
Air Magic      | 1 2 3 |  3.1
Translocations | 2 3 |  3.0
Invocations    | 1 4 5 |  5.9
Dodging        | |  2.4
Stealth        | |  2.4
Summonings     | |  1.1

Action                   |  1- 3 |  4- 6 |  7- 9 || total
-------------------------+-------+-------+-------++-------
Melee: Dagger            |       |       |    75 ||    75
 Cast: Magic Dart        |    78 |   122 |   342 ||   542
       Mephitic Cloud    |     2 |     8 |    44 ||    54
       Conjure Flame     |     1 |     1 |    14 ||    16
       Blink             |       |       |    10 ||    10
 Stab: Confused          |       |       |     4 ||     4
       Sleeping          |       |       |     1 ||     1
  Eat: Chunk             |       |     9 |    10 ||    19
       Ration            |       |       |     1 ||     1
Armor: Robe              |       |     2 |    13 ||    15
Dodge: Dodged            |    10 |    13 |    73 ||    96

Table legend:
 A = Spawn XP
 B = Non-spawn XP
 C = Spawn XP percentage of total XP
 D = Spawn monster count
 E = Non-spawn monster count
 F = Spawn count percentage of total count
 G = Total turns spent on level
                    A         B        C        D         E        F      G
               +---------+---------+-------+---------+---------+-------+---------
         Total |       0 |    5055 |   0.0 |       0 |     149 |   0.0 |  8454
               +---------+---------+-------+---------+---------+-------+---------
           D:1 |       0 |      45 |   0.0 |       0 |      23 |   0.0 |  1118
           D:2 |       0 |     299 |   0.0 |       0 |      19 |   0.0 |   869
           D:3 |       0 |      63 |   0.0 |       0 |      16 |   0.0 |   722
           D:4 |       0 |       3 |   0.0 |       0 |       1 |   0.0 |   602
           D:5 |       0 |     374 |   0.0 |       0 |      11 |   0.0 |  1003
           D:6 |       0 |     888 |   0.0 |       0 |      28 |   0.0 |  1446
           D:7 |       0 |    2208 |   0.0 |       0 |      44 |   0.0 |  2449
           D:8 |       0 |    1175 |   0.0 |       0 |       7 |   0.0 |   178
               +---------+---------+-------+---------+---------+-------+---------
